 Dungeon Crawl Stone Soup version 0.17.0-18-gaab0e96 (webtiles) character file.

19977 JudasIscariot the Nimble (level 12, 0/110 HPs)
             Began as a Yellow Draconian Berserker on Nov 11, 2015.
             Was a High Priest of Trog.
             Slain by a frost giant
             ... wielding a +1 battleaxe of freezing
              (19 damage)
             ... in an ice cave.
             The game lasted 00:59:22 (13986 turns).

JudasIscariot the Nimble (DrBe)                    Turns: 13986, Time: 00:59:23

Health: 0/110      AC: 13    Str: 25    XL:     12   Next: 41%
Magic:  13/13      EV: 21    Int:  8    God:    Trog [*****.]
Gold:   673        SH:  0    Dex: 16    Spells: 0 memorised, 11 levels left

rFire  x . .     SeeInvis .     t - +0 dire flail
rCold  + . .     Clarity  .     (armour unavailable)
rNeg   . . .     SustAt   .     (shield currently unavailable)
rPois  .         Gourm    .     (helmet restricted)
rElec  .         Spirit   .     y - +0 cloak
rCorr  +         Warding  .     d - +2 pair of gloves
rMut   .         Stasis   .     m - +0 pair of boots
MR     ++...                    (no amulet)
Stlth  +.........               g - +2 ring of strength
                                M - ring of ice

@: regenerating, very resistant to hostile enchantments, very unstealthy
A: spit acid, acid resistance, unfitting armour, horns 1, agile 2, regeneration
1, cold-blooded, AC +8
a: Spit Acid, Berserk, Trog's Hand, Brothers in Arms, Burn Spellbooks, Renounce
Religion


You were in an ice cave.
You worshipped Trog.
Trog was extremely pleased with you.
You were not hungry.

You visited 2 branches of the dungeon, and saw 13 of its levels.
You also visited: Ice Cave.

You collected 1107 gold pieces.
You spent 434 gold pieces at shops.

Inventory:

Hand Weapons
 a - a +0 mace
 t - a +0 dire flail (weapon)
 u - a +1 flail
 x - a +6 vampiric lajatang
 R - the +4 hunting sling "Irphissipn" {freeze, +Inv rElec Stlth+}
   (Trog gifted it to you on level 12 of the Dungeon)

   It causes projectiles fired from it to freeze those they strike, causing
   extra injury to most foes and up to half again as much damage against
   particularly susceptible opponents.
   They can also slow down cold-blooded creatures.
   It insulates you from electricity.
   It lets you turn invisible.
   It makes you more stealthy.
Missiles
 i - 15 tomahawks (quivered)
 N - 23 stones
Armour
 d - a +2 pair of gloves (worn)
 m - a +0 pair of boots (worn)
 y - a +0 cloak (worn)
 L - a +2 shield
Jewellery
 e - an uncursed ring of positive energy
 g - a +2 ring of strength (right hand)
 r - an uncursed ring of poison resistance
 B - an uncursed amulet of resist mutation
 M - a ring of ice (left hand)
Wands
 f - a wand of paralysis (5)
 F - a wand of lightning (1)
 H - a wand of disintegration (0)
 P - a wand of polymorph (16)
Scrolls
 h - 4 scrolls of fear
 o - 3 scrolls of enchant armour
 s - 2 scrolls of enchant weapon
 v - 2 scrolls of fog
 C - a scroll of immolation {unknown}
 D - 3 scrolls of teleportation
 E - 4 scrolls of remove curse
 I - a scroll of identify
 O - a scroll of vulnerability {unknown}
 Q - a scroll of brand weapon {unknown}
Potions
 c - a potion of invisibility
 j - a potion of agility
 k - 3 potions of brilliance
 l - 4 potions of might
 n - 3 potions of curing
 w - 2 potions of cure mutation
 A - 6 potions of lignification
 G - a potion of flight
 J - a potion of poison {unknown}
 S - a potion of beneficial mutation {unknown}
Comestibles
 b - 8 bread rations
 p - 3 beef jerkies
 q - 6 meat rations
 z - 4 slices of pizza
 K - 3 chunks of flesh


   Skills:
 * Level 11.0 Fighting
 * Level 11.7 Maces & Flails
 + Level 0.1 Throwing
 * Level 13.0 Dodging
 + Level 1.6 Shields
 + Level 1.4 Evocations


You had 11 spell levels left.
You didn't know any spells.

Dungeon Overview and Level Annotations

Branches:
Dungeon (12/15)            Temple (0/1) D:7            Lair (0/8) D:9
    Orc (1/4) D:11

Altars:
Dithmenos
Elyvilon
Kikubaaqudgha
Trog
Xom

Shops:
D:6 [(*   D:7 *[**[   Orc:1 *

Annotations:
IceCv exclusion: ice statue


Innate Abilities, Weirdness & Mutations

You can spit globs of acid.
You are resistant to acid.
Your golden yellow scales are hard (AC +8).
Your body does not fit into most forms of armour.
You are cold-blooded and may be slowed by cold attacks.
You have a pair of small horns on your head.
You are very agile. (Dex +4)
Your natural rate of healing is unusually fast.


Message History

Your skin crawls.
You feel resistant to hostile enchantments.
You feel slightly more hungry.
You hear an angry growl.
The frost giant hits you with a battleaxe of freezing!!
* * * LOW HITPOINT WARNING * * *
The frost giant freezes you.
* * * LOW HITPOINT WARNING * * *
You hit the frost giant.
You tail-slap the frost giant, but do no damage.
The frost giant is severely wounded.
The frost giant casts a spell at you. The bolt of cold misses you.
You puncture the frost giant!
The frost giant is almost dead.
You hit the frost giant but do no damage.
Your headbutt misses the frost giant.
The frost giant is almost dead.
The frost giant hits you with a battleaxe of freezing!!
You die...

## ##h#
#.Y.####
)$#.C.h#.# #
#..Yh.h#C##
##. #Y.#@##
#.## ##h##.#
#..# #####.##
##..##
##..#.##
##..8.#
#...#..#
#.....##
##.##...#
##..#...#
#..###⌠.#
#..###..##
#.###..####.##
##..# #..#####
#..# ##.#


You could see a frost giant.

Vanquished Creatures
  A hydra (D:12)
  2 death yaks (IceCv)
  The ghost of HaroldButt the Grappler, a novice VSMo of Ru (D:8)
  2 ugly things
  11 polar bears (IceCv)
  Grinder (D:4)
  2 two-headed ogres
  A deep elf mage (D:11)
  A spriggan (D:7)
  18 yaks
  3 wargs
  The ghost of Gruud the Insei, an amateur DsTm (D:3)
  2 hippogriffs
  A steam dragon (D:11)
  A water moccasin (D:8)
  19 wolves (IceCv)
  2 hungry ghosts (D:7)
  12 ice beasts
  2 sky beasts (D:11)
  A black bear (D:6)
  9 orc warriors
  2 necrophages
  7 centaurs
  3 phantoms
  2 ogres
  3 giant frogs
  2 jellies
  A wyvern skeleton (D:11)
  3 scorpions
  19 killer bees
  A quasit (D:5)
  5 crimson imps
  2 giant frog zombies
  A giant frog skeleton (D:9)
  10 orc priests
  4 centaur skeletons
  10 worker ants
  4 iguanas
  6 hounds
  A gnoll shaman (D:6)
  11 orc wizards
  A killer bee zombie (D:10)
  A hound zombie (D:11)
  A hound skeleton (D:6)
  2 worker ant zombies
  12 adders
  6 gnolls
  3 shadow imps
  An ooze (D:5)
  3 worms (D:3)
  An adder skeleton (D:5)
  3 giant geckos
  30 orcs
  7 giant cockroaches
  7 goblins
  8 hobgoblins
  7 kobolds
  2 quokkas
  2 bats (D:3)
  A giant gecko skeleton (D:6)
  5 giant newts
  12 jackals
  4 rats
  2 fungi (D:9)
311 creatures vanquished.

Vanquished Creatures (collateral kills)
  2 hill giants (D:10)
  A centaur (D:10)
3 creatures vanquished.

Vanquished Creatures (others)
  An ogre (D:9)
  A big kobold (D:9)
  A worker ant (D:9)
  A fungus (D:9)
4 creatures vanquished.

Grand Total: 318 creatures vanquished

Notes
Turn   | Place    | Note
--------------------------------------------------------------
     0 | D:1      | JudasIscariot the Draconian Berserker began the quest for the Orb.
     0 | D:1      | Reached XP level 1. HP: 19/19 MP: 1/1
   306 | D:1      | Reached XP level 2. HP: 26/26 MP: 2/2
  1001 | D:2      | Found a white marble altar of Elyvilon.
  1039 | D:2      | Reached XP level 3. HP: 15/33 MP: 3/3
  1095 | D:2      | Reached skill level 4 in Fighting
  1242 | D:2      | Reached ** piety under Trog
  1500 | D:3      | Reached XP level 4. HP: 40/40 MP: 4/4
  1503 | D:3      | Noticed Gruud's ghost (amateur DsTm)
  1523 | D:3      | Killed Gruud's ghost
  1523 | D:3      | Reached XP level 5. HP: 39/47 MP: 5/5
  2158 | D:4      | Noticed Grinder
  2175 | D:4      | Killed Grinder
  2175 | D:4      | Reached skill level 5 in Dodging
  2175 | D:4      | Reached XP level 6. HP: 21/55 MP: 6/6
  2498 | D:4      | Your scales start taking on a golden yellow colour.
  2498 | D:4      | Reached XP level 7. HP: 58/60 MP: 7/7
  2888 | D:5      | Entered Level 5 of the Dungeon
  2914 | D:5      | Reached skill level 5 in Fighting
  2980 | D:5      | Reached skill level 6 in Dodging
  3050 | D:5      | Reached skill level 5 in Maces & Flails
  3263 | D:5      | Reached XP level 8. HP: 58/69 MP: 8/8
  3357 | D:5      | Reached skill level 7 in Dodging
  3741 | D:5      | Reached *** piety under Trog
  4074 | D:6      | Found Zynylet's Assorted Antiques.
  4125 | D:6      | Found Zaolyk's Antique Weapon Boutique.
  4419 | D:6      | Reached skill level 8 in Dodging
  4575 | D:6      | Found Nafeisyl's Antique Armour Emporium.
  4952 | D:6      | Found an ancient bone altar of Kikubaaqudgha.
  5123 | D:7      | Reached XP level 9. HP: 78/78 MP: 9/9
  5173 | D:7      | Found Furrir's General Store.
  5176 | D:7      | Bought a scroll of identify for 32 gold pieces
  5176 | D:7      | Bought a scroll of enchant armour for 120 gold pieces
  5176 | D:7      | Bought a potion of flight for 48 gold pieces
  5176 | D:7      | Bought a scroll of noise for 16 gold pieces
  5176 | D:7      | Bought a slice of pizza for 24 gold pieces
  5176 | D:7      | Bought a potion of degeneration for 16 gold pieces
  5176 | D:7      | Bought a bread ration for 80 gold pieces
  5194 | D:7      | Found a staircase to the Ecumenical Temple.
  5313 | D:7      | Found Opoytel's Antique Armour Emporium.
  5326 | D:7      | Found Fymmyen's General Store.
  5333 | D:7      | Reached skill level 9 in Dodging
  5361 | D:7      | Bought a meat ration for 70 gold pieces
  5361 | D:7      | Bought a scroll of identify for 28 gold pieces
  5714 | D:7      | Found a shadowy altar of Dithmenos.
  5719 | D:7      | Found Hakhad's General Store.
  5721 | D:7      | Found Kida's Antique Armour Shop.
  6122 | D:8      | Noticed HaroldButt's ghost (novice VSMo)
  6136 | D:8      | Killed HaroldButt's ghost
  6136 | D:8      | Reached skill level 1 in Evocations
  6304 | D:8      | Reached **** piety under Trog
  6304 | D:8      | Reached skill level 10 in Dodging
  6957 | D:8      | Reached XP level 10. HP: 88/88 MP: 10/10
  7216 | D:9      | Found a shimmering altar of Xom.
  7513 | D:9      | Found a staircase to the Lair.
  7919 | D:9      | HP: 1/88 [warg (17)]
  8626 | D:10     | Entered Level 10 of the Dungeon
  8626 | D:10     | Noticed a hill giant
  8633 | D:10     | Killed a hill giant
  8692 | D:10     | Reached skill level 11 in Dodging
  9103 | D:10     | Noticed a hill giant
  9114 | D:10     | Killed a hill giant
 10061 | D:11     | Reached skill level 1 in Shields
 10104 | D:11     | Reached XP level 11. HP: 52/97 MP: 11/11
 10142 | D:11     | Reached ***** piety under Trog
 10413 | D:11     | Found a staircase to the Orcish Mines.
 10749 | D:11     | Found a bloodstained altar of Trog.
 10789 | D:11     | Noticed a brown ugly thing
 10804 | D:11     | Killed a brown ugly thing
 11103 | D:11     | Gained mutation: You have a pair of small horns on your head. [mutagenic meat]
 11653 | Orc:1    | Entered Level 1 of the Orcish Mines
 11653 | Orc:1    | Found Gufoqod's Assorted Antiques.
 11665 | D:11     | Reached skill level 10 in Maces & Flails
 11738 | D:12     | Noticed a six-headed hydra
 11745 | D:12     | Killed a six-headed hydra
 11745 | D:12     | Reached skill level 12 in Dodging
 11784 | D:12     | Found a frozen archway.
 11800 | D:12     | Received a gift from Trog
 11810 | D:12     | Got a warped hunting sling {god gift}
 11879 | IceCv    | Entered an ice cave
 12280 | IceCv    | Reached skill level 10 in Fighting
 12928 | IceCv    | Reached XP level 12. HP: 101/107 MP: 12/12
 12949 | IceCv    | Gained mutation: You are agile. (Dex +2) [potion of mutation]
 12949 | IceCv    | Gained mutation: You are very agile. (Dex +4) [potion of mutation]
 12949 | IceCv    | Gained mutation: Your natural rate of healing is unusually fast. [potion of mutation]
 13164 | IceCv    | Identified the +4 hunting sling "Irphissipn" {freeze, +Inv rElec Stlth+} (Trog gifted it to you on level 12 of the Dungeon)
 13368 | IceCv    | Identified a scroll of acquirement
 13686 | IceCv    | Noticed a death yak
 13687 | IceCv    | Noticed a death yak
 13715 | IceCv    | Killed a death yak
 13715 | IceCv    | Reached skill level 13 in Dodging
 13743 | IceCv    | Killed a death yak
 13967 | IceCv    | Noticed a frost giant
 13986 | IceCv    | Slain by a frost giant

Action                   |  1- 3 |  4- 6 |  7- 9 | 10-12 || total
-------------------------+-------+-------+-------+-------++-------
Melee: Mace              |    90 |    65 |       |       ||   155
       Flail             |       |    49 |   417 |   434 ||   900
       Dire flail        |       |       |       |   490 ||   490
Throw: Tomahawk          |     4 |       |       |       ||     4
Invok: Berserk           |     1 |     2 |     4 |     1 ||     8
       Trog's Hand       |       |     1 |     1 |     3 ||     5
       Burn Spellbooks   |       |       |     1 |     2 ||     3
       Brothers in Arms  |       |       |       |     2 ||     2
 Abil: Spit Acid         |       |       |     3 |     1 ||     4
Evoke: Wand              |       |       |     6 |     6 ||    12
  Use: Scroll            |     5 |       |    15 |     9 ||    29
       Potion            |       |       |       |     9 ||     9
 Stab: Distracted        |       |       |     1 |       ||     1
       Sleeping          |       |       |     1 |     1 ||     2
       Invisible         |       |       |       |     1 ||     1
  Eat: Chunk             |     3 |     6 |    12 |    22 ||    43
       Bread ration      |       |       |     2 |     3 ||     5
